 Dungeon Crawl Stone Soup version 0.19.1 (webtiles) character file.

16834 markt42 the Spear-Bearer (level 12, -6/103 HPs)
             Began as a Hill Orc Fighter on Dec 1, 2016.
             Was a High Priest of Okawaru.
             Shot with an arrow by a centaur warrior (7 damage)
             ... on level 13 of the Dungeon.
             The game lasted 00:24:01 (13915 turns).

markt42 the Spear-Bearer (Hill Orc Fighter)        Turns: 13915, Time: 00:24:02

Health: -6/103     AC: 17    Str: 30    XL:     12   Next: 41%
Magic:  12/12      EV: 11    Int:  8    God:    Okawaru [*****.]
Gold:   960        SH:  0    Dex: 15    Spells: 0 memorised, 11 levels left

rFire  x . .     SeeInvis .     E - +8 quarterstaff "Poddohoz" {crush, rF- rN++ Str+8 Dex+3}
rCold  + + +     Gourm    .     Q - +0 chain mail of the Eleven Realms {+Fly}
rNeg   + + +     Faith    .     (shield currently unavailable)
rPois  .         Spirit   .     J - +3 hat of the Eternal Fruit {*Corrode rC+++ rN++}
rElec  .         Reflect  .     y - +2 cloak
rCorr  +         Harm     .     (no gloves)
MR     .....                    (no boots)
Stlth  ..........               (no amulet)
                                w - ring of positive energy
                                P - ring of resist corrosion

@: no status effects
A: no striking features
a: Heroism, Finesse, Renounce Religion, Evoke Flight


You were on level 13 of the Dungeon.
You worshipped Okawaru.
Okawaru was extremely pleased with you.
You were very hungry.

You visited 2 branches of the dungeon, and saw 13 of its levels.
You also visited: Ossuary.

You collected 960 gold pieces.

Inventory:

Hand Weapons
 x - the +6 trident "Kedeynt" {venom, Str+5}
   (You found it on level 5 of the Dungeon)

   It poisons the flesh of those it strikes.
   It affects your strength (+5).
 E - the +8 quarterstaff "Poddohoz" (weapon) {crush, rF- rN++ Str+8 Dex+3}
   (You found it on level 10 of the Dungeon)

   It inflicts extra damage upon your enemies.
   It affects your strength (+8).
   It affects your dexterity (+3).
   It makes you vulnerable to fire.
   It greatly protects you from negative energy.
Armour
 c - a +0 shield
 y - a +2 cloak (worn)
 J - the +3 hat of the Eternal Fruit (worn) {*Corrode rC+++ rN++}
   (Okawaru gifted it to you on level 13 of the Dungeon)

   It renders you almost immune to cold.
   It greatly protects you from negative energy.
   It may corrode you when you take damage.
 Q - the +0 chain mail of the Eleven Realms (worn) {+Fly}
   (You found it on level 8 of the Dungeon)

   It lets you fly.
Jewellery
 t - an uncursed ring of flight
 w - a ring of positive energy (right hand)
 F - an uncursed ring of see invisible
 P - a ring of resist corrosion (left hand)
Wands
 a - a wand of acid (9/15)
 b - a wand of confusion (32/48)
 s - a wand of slowing (26/48)
 B - a wand of iceblast (8/15)
 I - a wand of acid (7/15)
 O - a wand of acid (7/15)
Scrolls
 d - a scroll of summoning {unknown}
 e - 7 scrolls of identify
 k - 8 scrolls of enchant armour
 l - 2 scrolls of amnesia
 n - 12 scrolls of remove curse
 u - a scroll of noise {unknown}
 v - a scroll of recharging
 C - a scroll of vulnerability {unknown}
 H - a scroll of teleportation
Potions
 g - 2 potions of brilliance
 j - 5 potions of curing
 q - 2 potions of ambrosia {unknown}
 r - 4 potions of heal wounds
 z - a potion of magic
 A - 2 potions of resistance
 D - a potion of mutation {unknown}
 G - 2 potions of agility
Comestibles
 f - 10 bread rations
 h - 5 beef jerkies
 i - 2 royal jellies
 m - 3 slices of pizza
 p - 7 meat rations
 N - 13 fruits


   Skills:
 + Level 8.9 Fighting
   Level 7.7(12.9) Axes
 + Level 13.8(14.6) Polearms
 * Level 4.6(9.1) Staves
 + Level 9.2 Armour
 + Level 3.1 Dodging
 + Level 8.4 Shields
 + Level 0.4 Evocations


You had 11 spell levels left.
You didn't know any spells.

Dungeon Overview and Level Annotations

Branches:
Dungeon (11/15)            Temple (1/1) D:5            Lair (0/6) D:11
    Orc (0/2) D:10         Vaults (0/5) D:13

Altars:
Ashenzari
Cheibriados
Dithmenos
Elyvilon
Fedhas
Gozag
Hepliaklqana
Kikubaaqudgha
Makhleb
Nemelex Xobeh
Okawaru
Qazlal
Ru
Sif Muna
Trog
Uskayaw
Vehumet
Xom
Yredelemnul
Zin
The Shining One


Message History

The crimson imp is heavily wounded.
The vault guard hits you with an enchanted long sword.
The crimson imp hits you.
You barely miss the crimson imp.
The crimson imp is heavily wounded.
The vault guard hits you with an enchanted long sword!
You miss the crimson imp.
The crimson imp is heavily wounded.
The crimson imp hits you but does no damage.
You sock the crimson imp!
You kill the crimson imp!
Okawaru accepts your kill. The vault guard barely misses you.
Found a chain mail.
Found a stone staircase leading up.
There is an open door here.
The cyclops throws a large rock.
The large rock hits you!!!
* * * LOW HITPOINT WARNING * * *
You see here a large rock.
The centaur warrior shoots an arrow.
The arrow hits you!
You die...

#.........# #$.
#....c.C..# #..
#....(p.(.# ###
#####'##### #...#
# ##c####### ###
#p........ #.H
+(.......[ ##.#
#@........#####p..
#<........+.....##
#.......<.#####)..
#......... #p#.
#......... #.#.
#......... #.##
###+##### #p..
###. #...


You could see a vault guard and a centaur warrior.

Vanquished Creatures
  A death knight (D:8)
  An unseen horror (D:10)
  The ghost of tsouns the Covert, a novice OpAs of Gozag (D:8)
  3 hill giants
  An ugly thing (D:8)
  Joseph (D:9)
  A kobold demonologist (D:10)
  A troll (D:9)
  2 two-headed ogres (D:8)
  2 hippogriffs
  A vampire (D:10)
  A spriggan (D:7)
  8 yaks
  2 wargs (D:11)
  Menkaure (D:7)
  2 water moccasins
  7 orc warriors
  3 ice beasts
  7 phantoms
  2 sky beasts (D:8)
  A black bear (D:7)
  8 ogres
  An eye of draining (D:9)
  10 centaurs
  An elf zombie (D:6)
  24 big kobolds
  7 bullfrogs
  3 scorpions
  10 killer bees
  13 wights
  5 howler monkeys
  5 crimson imps
  11 hounds
  A human zombie (D:6)
  4 jellies
  7 orc priests
  3 centaur skeletons
  A gnoll shaman (D:8)
  Crazy Yiuf (D:5)
  A bullfrog skeleton (D:7)
  10 orc wizards
  Ijyb (D:3)
  2 human skeletons (D:6)
  3 iguanas
  13 worker ants
  A hound zombie (D:5)
  8 mummies (Ossuary)
  3 worker ant zombies
  17 gnolls
  12 adders
  3 shadow imps
  An adder zombie (D:9)
  A worm (D:4)
  2 dart slugs (D:1)
  3 leopard geckos
  42 orcs
  3 ball pythons
  3 giant cockroaches
  A gnoll zombie (Ossuary)
  6 goblins
  10 hobgoblins
  6 jackals
  5 quokkas
  3 bats
  7 frilled lizards
  A hobgoblin zombie (Ossuary)
  25 kobolds
  A kobold zombie (Ossuary)
  7 orc zombies
  A quokka skeleton (D:4)
  7 rats
373 creatures vanquished.

Vanquished Creatures (others)
  A centaur skeleton (D:13)
  An orc warrior (D:11)
  An orc wizard (D:11)
3 creatures vanquished.

Grand Total: 376 creatures vanquished

Notes
Turn   | Place    | Note
-------+----------+-------------------------------------------
     0 | D:1      | markt42 the Hill Orc Fighter began the quest for the Orb.
     0 | D:1      | Reached XP level 1. HP: 19/19 MP: 1/1
   101 | D:1      | Reached XP level 2. HP: 27/27 MP: 2/2
   481 | D:1      | Found a shattered altar of Ashenzari.
   551 | D:1      | Reached XP level 3. HP: 32/33 MP: 3/3
  1191 | D:2      | Found a hazy altar of Hepliaklqana.
  1433 | D:3      | Reached XP level 4. HP: 39/40 MP: 4/4
  1518 | D:3      | Noticed Ijyb
  1531 | D:3      | Killed Ijyb
  1830 | D:3      | Reached XP level 5. HP: 47/47 MP: 5/5
  2379 | D:3      | Reached skill level 5 in Axes
  2711 | D:4      | Reached skill level 1 in Dodging
  2711 | D:4      | Reached XP level 6. HP: 32/53 MP: 6/6
  3043 | D:4      | Found an ancient bone altar of Kikubaaqudgha.
  3196 | D:4      | Reached skill level 5 in Shields
  3196 | D:4      | Reached XP level 7. HP: 42/60 MP: 7/7
  3800 | D:4      | Reached skill level 5 in Armour
  4366 | D:5      | Entered Level 5 of the Dungeon
  4604 | D:5      | Reached skill level 5 in Fighting
  4604 | D:5      | Reached XP level 8. HP: 63/68 MP: 8/8
  4621 | D:5      | Got a warped trident
  4622 | D:5      | Identified the +6 trident "Kedeynt" {venom, Str+5} (You found it on level 5 of the Dungeon)
  4679 | D:5      | Reached skill level 1 in Polearms
  4886 | D:5      | Found a staircase to the Ecumenical Temple.
  4950 | Temple   | Entered the Ecumenical Temple
  5139 | D:5      | Found a deep blue altar of Sif Muna.
  5227 | D:5      | Reached skill level 2 in Polearms
  5273 | D:5      | Found a shadowy altar of Dithmenos.
  5387 | D:5      | Found a runed door.
  5438 | D:5      | Noticed Crazy Yiuf
  5442 | D:5      | Killed Crazy Yiuf
  5630 | D:5      | Reached skill level 3 in Polearms
  5949 | D:6      | Reached skill level 4 in Polearms
  6133 | D:6      | Found an iron altar of Okawaru.
  6133 | D:6      | Found a shattered altar of Ashenzari.
  6187 | D:6      | Reached XP level 9. HP: 69/75 MP: 9/9
  6203 | D:6      | Found a sand-covered staircase.
  6214 | Ossuary  | Entered an ossuary
  6253 | Ossuary  | Reached skill level 5 in Polearms
  6597 | D:6      | Found a white marble altar of Elyvilon.
  6607 | D:6      | Became a worshipper of Warmaster Okawaru
  6967 | D:6      | Reached skill level 6 in Polearms
  7261 | D:7      | Reached skill level 7 in Polearms
  7371 | D:7      | Found a basalt altar of Yredelemnul.
  7373 | D:7      | Noticed a profane servitor
  7385 | D:7      | Found a glowing golden altar of the Shining One.
  7387 | D:7      | Noticed an angel
  7770 | D:7      | Reached skill level 8 in Polearms
  7913 | D:7      | Found a faded altar of an unknown god.
  7913 | D:7      | Found a faded altar of an unknown god.
  7917 | D:7      | Reached * piety under Okawaru
  7922 | D:7      | Found a faded altar of an unknown god.
  7924 | D:7      | Found a bloodstained altar of Trog.
  7926 | D:7      | Found a faded altar of an unknown god.
  8239 | D:7      | Noticed Menkaure
  8254 | D:7      | Killed Menkaure
  8254 | D:7      | Reached XP level 10. HP: 22/84 MP: 10/10
  8849 | D:8      | Found a runed door.
  8927 | D:8      | Reached skill level 9 in Polearms
  8938 | D:8      | Noticed a hill giant
  8960 | D:8      | Killed a hill giant
  8960 | D:8      | Reached ** piety under Okawaru
  8967 | D:8      | Noticed a purple ugly thing
  8983 | D:8      | Killed a purple ugly thing
  9353 | D:8      | Noticed a death knight
  9387 | D:8      | Killed a death knight
  9387 | D:8      | Reached *** piety under Okawaru
  9387 | D:8      | Reached skill level 10 in Polearms
  9407 | D:8      | Got a distressingly furry chain mail
  9408 | D:8      | Identified the +0 chain mail of the Eleven Realms {+Fly} (You found it on level 8 of the Dungeon)
  9679 | D:8      | Found a runed door.
  9971 | D:8      | Reached skill level 11 in Polearms
 10171 | D:8      | Reached XP level 11. HP: 81/92 MP: 11/11
 10177 | D:8      | Reached **** piety under Okawaru
 10200 | D:8      | Noticed tsouns's ghost (novice OpAs)
 10217 | D:8      | Killed tsouns's ghost
 10986 | D:9      | Noticed Joseph
 10993 | D:9      | Killed Joseph
 11008 | D:9      | Received a gift from Okawaru
 11008 | D:9      | Reached skill level 12 in Polearms
 11325 | D:9      | Found a stormy altar of Qazlal.
 11691 | D:10     | Entered Level 10 of the Dungeon
 11926 | D:10     | Reached ***** piety under Okawaru
 12014 | D:10     | Received a gift from Okawaru
 12054 | D:10     | Reached skill level 13 in Polearms
 12384 | D:10     | Killed an unseen horror
 12662 | D:10     | Reached XP level 12. HP: 95/103 MP: 12/12
 12678 | D:10     | Found a staircase to the Orcish Mines.
 13037 | D:10     | Got a pitted quarterstaff
 13038 | D:10     | Identified the +8 quarterstaff "Poddohoz" {crush, rF- rN++ Str+8 Dex+3} (You found it on level 10 of the Dungeon)
 13115 | D:11     | Reached skill level 1 in Staves
 13217 | D:11     | Found a staircase to the Lair.
 13751 | D:11     | You fall through a shaft for 2 floors!
 13760 | D:13     | Received a gift from Okawaru
 13761 | D:13     | Got a translucent hat {god gift}
 13767 | D:13     | Identified the +3 hat of the Eternal Fruit {*Corrode rC+++ rN++} (Okawaru gifted it to you on level 13 of the Dungeon)
 13821 | D:13     | Found a gate to the Vaults.
 13821 | D:13     | Noticed a vault guard
 13821 | D:13     | Noticed a seven-headed hydra
 13821 | D:13     | Noticed a vault guard
 13821 | D:13     | Noticed a vault guard
 13896 | D:13     | Noticed a centaur warrior
 13914 | D:13     | HP: 1/103 [cyclops/large rock (41)]
 13915 | D:13     | Shot with an arrow by a centaur warrior

Skill      XL: |  1  2  3  4  5  6  7  8  9 10 11 12 |
---------------+-------------------------------------+-----
Axes           | 3 4 5 6 7 |  7.7
Fighting       | 4 5 6 7 8 |  8.9
Shields        | 4 5 6 7 8 |  8.4
Dodging        | 1 2 3 |  3.1
Armour         | 4 5 6 7 8 9 |  9.2
Polearms       | 4 8 11 13 | 13.8
Staves         | 4 |  4.6
Evocations     | |  0.4

Action                   |  1- 3 |  4- 6 |  7- 9 | 10-12 || total
-------------------------+-------+-------+-------+-------++-------
Melee: War axe           |   150 |   133 |   101 |       ||   384
       Trident           |       |       |   262 |   656 ||   918
       Quarterstaff      |       |       |       |   108 ||   108
Evoke: Wand              |       |       |       |     2 ||     2
  Use: Potion            |       |     1 |     7 |    13 ||    21
       Scroll            |       |       |     1 |    18 ||    19
  Eat: Chunk             |     2 |     4 |    10 |     8 ||    24
       Bread ration      |       |       |     2 |     2 ||     4
Armor: Scale mail        |    57 |    52 |    77 |    12 ||   198
       Chain mail        |       |       |       |   217 ||   217
Dodge: Dodged            |    40 |    33 |    80 |   173 ||   326
Block: Shield            |    81 |    69 |   143 |   223 ||   516
